 Dungeon Crawl Stone Soup version 0.22-a0-398-g8bb545f (webtiles) character file.

1401 Borgoz the Cudgeler (level 8, -4/76 HPs)
             Began as a Gargoyle Fighter on May 5, 2018.
             Slain by an ogre
             ... wielding a +0 giant spiked club
              (8 damage)
             ... on level 6 of the Dungeon.
             The game lasted 00:16:09 (5134 turns).

Borgoz the Cudgeler (Gargoyle Fighter)              Turns: 5134, Time: 00:16:10

Health: -4/76      AC: 24    Str: 17    XL:     8   Next: 69%
Magic:  8/8        EV:  2    Int:  9    God:
Gold:   197        SH: 10    Dex: 11    Spells: 7/7 levels left

rFire    . . .     SeeInvis .   l - +1 whip (holy)
rCold    . . .     Gourm    +   c - +0 shield
rNeg     + + +     Faith    .   (armour currently unavailable)
rPois    ∞         Spirit   .   (helmet currently unavailable)
rElec    .         Reflect  .   (cloak currently unavailable)
rCorr    .         Harm     .   (gloves currently unavailable)
MR       +....     NoTele   +   (boots currently unavailable)
Stlth    +.........             g - amulet of the gourmand
HPRegen  0.22/turn              h - -3 ring of strength (curse)
MPRegen  0.11/turn              i - ring of protection from magic

@: tree-form
A: negative energy resistance 1, petrification resistance, rot immunity, AC +5
a: no special abilities


You were on level 6 of the Dungeon.
You were full.
You were a tree.
You visited 1 branch of the dungeon, and saw 6 of its levels.

You collected 197 gold pieces.

Inventory:

Hand Weapons
 l - a +1 whip of holy wrath (weapon)
Armour
 b - a +1 scale mail (melded)
 c - a +0 shield (worn)
Jewellery
 g - an amulet of the gourmand (around neck)
 h - a cursed -3 ring of strength (left branch)
 i - a ring of protection from magic (right branch)
Scrolls
 a - a scroll of teleportation
 d - 2 scrolls of noise
 j - 2 scrolls of fear
 k - 2 scrolls of identify
 o - 2 scrolls of enchant weapon
 q - 3 scrolls of remove curse {unknown}
 s - a scroll of amnesia
Potions
 e - a potion of magic
 m - 2 potions of curing
 p - a potion of cancellation
Comestibles
 f - 12 rations


   Skills:
 + Level 6.1 Fighting
 * Level 6.8 Maces & Flails
 + Level 5.9 Armour
 + Level 6.1 Shields


You had 7 spell levels left.
You didn't know any spells.

Dungeon Overview and Level Annotations

Branches:
Dungeon (6/15)
 Temple: D:4-7

Altars:
Fedhas
Kikubaaqudgha
Okawaru
Qazlal


Innate Abilities, Weirdness & Mutations

You are resistant to torment.
((Your stone body is resilient. (AC +5)))
You are immune to poison.
You resist negative energy. (rN+)
((You are resistant to electric shocks. (rElec)))
((You can survive without breathing.))
You are immune to petrification.
You are immune to rotting.


Message History

You hit the ogre.
The ogre is heavily wounded.
You barely miss the ogre.
The ogre is heavily wounded.
The ogre hits you but does no damage.
You hit the ogre.
The ogre is severely wounded.
The ogre hits you but does no damage.
You hit the ogre.
The ogre is severely wounded.
You hit the ogre.
The ogre is almost dead.
The ogre hits you with a giant spiked club!
* * * LOW HITPOINT WARNING * * *
You hit the ogre.
The ogre is almost dead.
You barely miss the ogre.
The ogre is almost dead.
The ogre hits you with a giant spiked club!
You die...

#.# #.# #.#
#.#.# #.# #.#.#
#.# #.#.# #.#
##.#.# #.# #
#....# #.#
#####.#####....#
#.#
..........O♣<..#
#.#
######†####....#
#.# ... ##.#.#
#.# ##.# #.#.#
#.# #. #.#.# #.#
$. #.#.# #.# ##
#.#.#.#.#
#.#.#.#.###.#
#.#.#.......#


You could see an ogre.

Vanquished Creatures
  The ghost of emperorscorpion the Shield-Bearer, an amateur MiFi of Makhleb (D:5)
  Edmund (D:4)
  The ghost of Steelmeadow the Digger, an amateur GrEE of Vehumet (D:4)
  2 ogres
  A bullfrog (D:6)
  2 scorpions (D:5)
  3 jellies
  A hound (D:5)
  2 orc priests (D:4)
  Jessica (D:2)
  4 orc wizards
  2 worker ants (D:4)
  A worker ant zombie (D:6)
  12 adders
  9 oozes (D:2)
  An adder skeleton (D:4)
  2 worms (D:2)
  2 dart slugs
  A leopard gecko (D:5)
  16 orcs
  6 bats
  2 giant cockroaches (D:4)
  6 goblins
  2 hobgoblins
  A quokka (D:5)
  5 frilled lizards
  12 kobolds
  A quokka skeleton (D:2)
  7 rats
107 creatures vanquished.

Vanquished Creatures (others)
  10 fungi (D:2)
  7 toadstools (D:2)
17 creatures vanquished.

Grand Total: 124 creatures vanquished

Notes
Turn   | Place    | Note
-------+----------+-------------------------------------------
     0 | D:1      | Borgoz the Gargoyle Fighter began the quest for the Orb.
     0 | D:1      | Reached XP level 1. HP: 14/14 MP: 1/1
   113 | D:1      | Reached XP level 2. HP: 19/19 MP: 2/2
   745 | D:2      | Noticed Jessica
   751 | D:2      | Killed Jessica
   751 | D:2      | Reached XP level 3. HP: 24/24 MP: 3/3
   949 | D:2      | Found an ancient bone altar of Kikubaaqudgha.
   949 | D:2      | Found a stormy altar of Qazlal.
  1102 | D:2      | Reached XP level 4. HP: 23/29 MP: 4/4
  1203 | D:2      | Reached XP level 5. HP: 3/33 MP: 5/5
  1851 | D:3      | Reached XP level 6. HP: 31/39 MP: 6/6
  2257 | D:3      | Found an iron altar of Okawaru.
  2945 | D:4      | Noticed Steelmeadow's ghost (amateur GrEE)
  2990 | D:4      | Reached XP level 7. HP: 37/44 MP: 7/7
  3213 | D:4      | Noticed Edmund
  3231 | D:4      | Killed Edmund
  3231 | D:4      | Reached skill level 5 in Fighting
  3231 | D:4      | Reached skill level 5 in Maces & Flails
  3231 | D:4      | Reached skill level 5 in Shields
  3453 | D:4      | Reached skill level 5 in Armour
  3930 | D:5      | Entered Level 5 of the Dungeon
  3962 | D:5      | Noticed emperorscorpion's ghost (amateur MiFi)
  4058 | D:5      | Killed emperorscorpion's ghost
  4058 | D:5      | Reached XP level 8. HP: 29/50 MP: 8/8
  4083 | D:4      | Killed Steelmeadow's ghost
  4505 | D:5      | Found a blossoming altar of Fedhas.
  5134 | D:6      | Slain by an ogre

Vault maps used:
D:1:      scummos_arrival_forest, minmay_tiny_reverse_x
D:2:      cheibrodos_fertilizer, amethyst_overflow_temple_binary, uniq_jessica
D:3:      okawaru_metal_pillars_1_2, first_ration
D:4:      uniq_edmund
D:5:      fedhas_altar_1
D:6:      uniq_pikel

Skill      XL: |  1  2  3  4  5  6  7  8 |
---------------+-------------------------+-----
Maces & Flails | 3 4 6 |  6.8
Fighting       | 4 5 6 |  6.1
Armour         | 4 5 |  5.9
Shields        | 4 5 6 |  6.1

Action                   |  1- 3 |  4- 6 |  7- 9 || total
-------------------------+-------+-------+-------++-------
Melee: Flail             |   110 |    90 |       ||   200
       Whip              |       |   183 |   312 ||   495
  Use: Scroll            |     3 |     5 |     5 ||    13
       Potion            |       |     1 |     3 ||     4
  Eat: Chunk             |    13 |     6 |     4 ||    23
Armor: Scale mail        |    58 |   169 |   106 ||   333
       Skin              |       |       |     3 ||     3
Dodge: Dodged            |    38 |    80 |    56 ||   174
Block: Shield            |    64 |   157 |    97 ||   318

Table legend:
 A = Spawn XP
 B = Non-spawn XP
 C = Spawn XP percentage of total XP
 D = Spawn monster count
 E = Non-spawn monster count
 F = Spawn count percentage of total count
 G = Total turns spent on level
                    A         B        C        D         E        F      G
               +---------+---------+-------+---------+---------+-------+---------
         Total |       0 |    2002 |   0.0 |       0 |     107 |   0.0 |  5134
               +---------+---------+-------+---------+---------+-------+---------
           D:1 |       0 |      20 |   0.0 |       0 |      12 |   0.0 |   528
           D:2 |       0 |     303 |   0.0 |       0 |      41 |   0.0 |  1462
           D:3 |       0 |     150 |   0.0 |       0 |      18 |   0.0 |   708
           D:4 |       0 |     758 |   0.0 |       0 |      26 |   0.0 |  1424
           D:5 |       0 |     667 |   0.0 |       0 |       8 |   0.0 |   885
           D:6 |       0 |     104 |   0.0 |       0 |       2 |   0.0 |   127
               +---------+---------+-------+---------+---------+-------+---------
